General information
- name: 1v1 Obs from 0bs w/ <4
- type: Custom game
- host: ElectricCoolAid
- saver: Mata.
map: TwistedMeadows
- players: 10
- length: 11:31
- speed: Fast
- version: 1.23 W3XP
- replay type:

» download(52 KB)
Players
team 1 (loser)
m(icro (
pink | 76 APM | 867 actions | 11:28)
2 Archmage
1 Summon Water Elemental
1 Blizzard
» actions
| Assign group hotkey | 20 | |
| Basic commands | 54 | |
| Build / train | 32 | |
| ESC pressed | 1 | |
| Enter build submenu | 11 | |
| Enter hero's abilities submenu | 2 | |
| Remove unit from queue | 2 | |
| Right click | 463 | |
| Select / deselect | 197 | |
| Select group hotkey | 42 | |
| Use ability | 43 | |
867 total
» units
| Peasant | 8 | |
| Rifleman | 5 | |
| Footman | 8 | |
| Forest Troll Shadow Priest | 2 | |
| Forest Troll Berserker | 2 | |
| Mud Golem | 1 | |
26 total
» buildings
| Farm | 5 | |
| Altar of Kings | 1 | |
| Blacksmith | 1 | |
| Barracks | 1 | |
| Keep | 1 | |
| Arcane Vault | 1 | |
| Workshop | 1 | |
11 total
» build order
00:10 Farm
00:12 Altar of Kings
00:57 Blacksmith
01:12 Barracks
01:34 Farm
02:50 Farm
03:36 Farm
07:45 Keep
08:07 Farm
08:31 Arcane Vault
10:51 Workshop
team 2 (winner)
Mata. (
green | 212 APM | 2448 actions | 11:31)
2 Warden
1 Shadow Strike
1 Fan of Knives
2 Naga Sea Witch
1 Frost Arrows
1 Forked Lightning
» actions
| Assign group hotkey | 327 | |
| Basic commands | 9 | |
| Build / train | 64 | |
| Enter build submenu | 19 | |
| Enter hero's abilities submenu | 4 | |
| Remove unit from queue | 3 | |
| Right click | 1368 | |
| Select / deselect | 434 | |
| Select group hotkey | 172 | |
| Use ability | 48 | |
2448 total
» units
| Wisp | 15 | |
| Archer | 7 | |
| Dryad | 2 | |
| Druid of the Claw | 3 | |
27 total
» upgrades
| Druid of the Claw Training | 2 | |
| Abolish Magic | 1 | |
3 total
» buildings
| Altar of Elders | 1 | |
| Moon Well | 5 | |
| Ancient of War | 1 | |
| Tree of Ages | 12 | |
| Hunter's Hall | 1 | |
| Ancient of Lore | 2 | |
| Tree of Eternity | 2 | |
24 total
» build order
00:03 Altar of Elders
00:17 Moon Well
00:31 Ancient of War
01:34 Moon Well
01:34 Moon Well
03:04 Tree of Ages
03:41 Moon Well
03:49 Hunter's Hall
05:26 Ancient of Lore
05:27 Ancient of Lore
07:54 Tree of Eternity
08:22 Moon Well
observersElectricCoolAid,
TIMG4strok,
cancerstacks,
RagingInferno,
Capy_Rules,
Ieatpie,
SupraSkytop,
HyLove Chat log
(00:43 / All) Mata.: you hu yes ?
(00:44 / All) Mata.: was on the fone
(00:46 / All) m(icro: yup
(00:48 / All) Mata.: gl hf
(00:52 / All) m(icro: u2
(03:00 / All) Mata.: excuse me
(03:04 / All) Mata.: just laggin a bit
(08:03 / All) Mata.: FUCK PEOPLE KEEP CALLING ME
(08:15 / All) Mata.: not now bitches im playing warcraft
(11:27 / All) m(icro: game